 Dungeon Crawl Stone Soup version 0.31-a0-229-g1fc7ce93e2 (webtiles) character file.

Game seed: 15674879890512033476

110826 qw the Crack Shot (level 16, -4/151 HPs)
             Began as a Minotaur Hexslinger on July 6, 2023.
             Was a High Priest of Okawaru.
             Killed by angry trees
             ... awakened by a spriggan druid
              (13 damage)
             ... on level 1 of the Swamp.
             The game lasted 00:10:35 (21402 turns).

qw the Crack Shot (Minotaur Hexslinger)            Turns: 21402, Time: 00:10:35

Health: -4/151     AC: 18    Str: 13    XL:     16   Next: 8%
Magic:  22/22      EV: 34    Int: 10    God:    Okawaru [*****.]
Gold:   722        SH:  5    Dex: 25    Spells: 16/17 levels left

rFire   + . .        i - +1 triple crossbow "Earthworm" {flame, rPois}
rCold   . . .        (shield currently unavailable)
rNeg    . . .        q - +3 leather armour of Marbles {rElec Will+ Slay+2}
rPois   +            x - +2 hat of Doiddiuh {Dex+4}
rElec   +            t - +1 cloak
rCorr   +            l - +2 pair of gloves
SInv    .            D - +1 pair of boots {Fly}
Will    +++..        v - amulet of reflection
Stlth   +++          G - +5 ring of evasion
HPRegen 0.45/turn    J - ring "Luteaf" {rF+ Will+ rCorr}
MPRegen 0.18/turn

%: reflection
@: heroic, flying
A: horns 2, retaliatory headbutt
a: Renounce Religion, Heroism, Finesse, Duel


You were on level 1 of the Swamp.
You worshipped Okawaru.
Okawaru was extremely pleased with you.
You visited 5 branches of the dungeon, and saw 24 of its levels.
You also visited: Sewer.

You collected 2892 gold pieces.
You spent 2170 gold pieces at shops.


Innate Abilities, Weirdness & Mutations

You have a pair of horns on your head.
You reflexively headbutt those who attack you in melee.


   Skills:
 - Level 16.0(21.0) Fighting
 + Level 21.5(26.5) Ranged Weapons
 - Level 7.0(12.0) Armour
 - Level 13.7(18.7) Dodging
 - Level 1.0 Spellcasting
 - Level 2.0 Hexes
 - Level 10.0 Invocations


You had 16 spell levels left.
You knew the following spells:

 Your Spells              Type           Power      Damage    Failure   Level
a - Slow                  Hex            16%        N/A       19%         1

Your spell library contained the following spells:

 Spells                   Type           Power      Damage    Failure   Level
 Inner Flame              Hex/Fire       2%         N/A       63%         3
 Portal Projectile        Hex/Tloc       4%         N/A       63%         3
 Cause Fear               Hex            2%         N/A       87%         4

Inventory:

Hand Weapons
 i - the +1 triple crossbow "Earthworm" (weapon) {flame, rPois}
   (Okawaru gifted it to you on level 13 of the Dungeon)

   rPois:     It protects you from poison.
Armour
 l - a +2 pair of gloves (worn)
 n - a +2 pair of boots
 q - the +3 leather armour of Marbles (worn) {rElec Will+ Slay+2}
   (You found it on level 5 of the Dungeon)

   Slay:      It affects your accuracy & damage with ranged weapons and melee
   (+2).
   rElec:     It insulates you from electricity.
   Will:      It increases your willpower.
 s - the +5 ring mail of Qeoth {Str+4}
   (You bought it in a shop on level 1 of the Orcish Mines)

   Str:       It affects your strength (+4).
 t - a +1 cloak (worn)
 x - the +2 hat of Doiddiuh (worn) {Dex+4}
   (Okawaru gifted it to you on level 2 of the Lair of Beasts)

   Dex:       It affects your dexterity (+4).
 D - a +1 pair of boots of flying (worn)
 F - a +3 leather armour of fire resistance
Jewellery
 m - a ring of protection from fire
 v - an amulet of reflection (around neck)
 B - a +4 ring of protection
 G - a +5 ring of evasion (left hand)
 J - the ring "Luteaf" (right hand) {rF+ Will+ rCorr}
   (You found it on level 14 of the Dungeon)

   [ring of resist corrosion]

   rF:        It protects you from fire.
   rCorr:     It protects you from acid and corrosion.
   Will:      It increases your willpower.
Wands
 k - a wand of digging (15)
Scrolls
 j - 9 scrolls of identify
 u - 2 scrolls of enchant weapon
Potions
 c - 9 potions of curing
 f - 5 potions of mutation
 g - 5 potions of enlightenment
 h - 2 potions of cancellation
 o - 3 potions of might
 p - a potion of resistance
 z - 4 potions of haste

Dungeon Overview and Level Annotations

Branches:
Dungeon (15/15)            Temple (1/1) D:5            Lair (5/5) D:8
  Swamp (1/4) Lair:3        Snake (0/4) Lair:3        Slime (0/5) Lair:4
    Orc (2/2) D:11            Elf (0/3) Orc:2        Vaults (0/5) D:13
 Depths (0/4) D:15          Sewer (visited)

Altars:
Ashenzari
Cheibriados
Dithmenos
Elyvilon
Fedhas
Gozag
Hepliaklqana
Kikubaaqudgha
Makhleb
Nemelex Xobeh
Okawaru
Qazlal
Ru
Sif Muna
Trog
Uskayaw
Vehumet
Wu Jian
Xom
Yredelemnul
Zin
The Shining One
Jiyva

Shops:
D:3 !   D:8 ?   D:15 *   Orc:1 [[   Orc:2 ([(*

Annotations:
D:7 3 runed translucent doors, qw's ghost, novice GrHs


Message History

You are yanked forward by the harpoon shot.
The spriggan rider closely misses you. The spriggan rider misses you.
You furiously retaliate!
You headbutt the spriggan rider. The spriggan rider barely misses you.
You shoot a bolt. The bolt hits the swamp worm.
The bolt burns the swamp worm.
The swamp worm is almost dead.
You block the swamp worm's attack. x2
The spriggan rider completely misses you. x2
The spriggan rider closely misses you. The swamp worm barely misses you.
You furiously retaliate!
You headbutt the swamp worm!
You kill the swamp worm!
Okawaru accepts your kill. The swamp worm completely misses you.
You furiously retaliate!
You headbutt the swamp worm. You shoot a bolt.
The bolt hits the spriggan rider!!
The bolt burns the spriggan rider.
The spriggan rider is heavily wounded.
Your surroundings suddenly seem different.
You start resting.
A spriggan druid comes into view.
It is wielding a +0 quarterstaff and wearing a +1 robe of positive energy.
You shoot a bolt. The spriggan druid shouts!
The bolt hits the spriggan druid!!
The bolt burns the spriggan druid.
The spriggan druid is severely wounded.
The spriggan druid mumbles some strange words.
The forest starts to sway and rumble!
You shoot a bolt.
The bolt closely misses the spriggan druid.
A root lunges up near you.
You shoot a bolt. The bolt misses the spriggan druid.
A tree reaches out and hits you!
You shoot a bolt.
The bolt closely misses the spriggan druid.
You are hit by a branch!
The spriggan druid gestures at you while chanting.
The stone arrow misses you.
You shoot a bolt.
The bolt closely misses the spriggan druid.
A tree reaches out and hits you!
You die...

..~~¤..
~.~~~~.
..~~¤..
......
~~~~~..
....~
~~~~...
7~~~77
....$$~
777i~~~7
..~...~
7.~~~.7
77~~~~77
7~..@.~7
7...7.77
77~7


77 77 You could see a spriggan druid.

Vanquished Creatures
  A sphinx (D:14)
  A tengu reaver (D:14)
  A very ugly thing (D:15)
  A deep elf annihilator (D:14)
  Azrael (D:14)
  A bunyip (Swamp:1)
  2 fire dragons (D:15)
  Erolcha (Orc:1)
  2 ogre magi (D:10)
  11 hydras
  A death knight (D:12)
  5 centaur warriors
  A catoblepas (D:11)
  10 boulder beetles
  5 death yaks (Lair:4)
  4 two-headed ogres
  An orc high priest (Orc:2)
  2 skysharks
  A spriggan (Swamp:1)
  A skeletal warrior (D:12)
  A goliath frog (Lair:5)
  A spriggan druid (Swamp:1)
  2 bog bodies (Lair:3)
  A lindwurm (Lair:3)
  6 deep elf zephyrmancers (D:13)
  A phantasmal warrior (D:12)
  A swamp dragon (Swamp:1)
  Pikel (D:7)
  6 deep elf pyromancers
  2 orc knights
  14 ugly things
  3 wolf spiders
  9 cyclopes
  6 oklob plants (Lair:4)
  4 orc sorcerers (Orc:2)
  5 black mambas
  A black mamba (shapeshifter) (D:13)
  10 elephants
  22 cane toads
  2 torpor snails
  3 kobold demonologists
  An efreet (D:14)
  Maggie (D:10)
  8 komodo dragons
  A rime drake (shapeshifter) (D:13)
  4 rime drakes
  4 unseen horrors
  A freezing wraith (D:12)
  5 yaktaurs
  A polar bear (Lair:4)
  3 meliai
  12 trolls
  Grinder (D:5)
  5 tyrant leeches
  20 blink frogs
  A wind drake (shapeshifter) (D:10)
  A hornet (Swamp:1)
  A spriggan (shapeshifter) (D:10)
  11 slime creatures
  3 wraiths
  A slime creature (shapeshifter) (D:13)
  A culicivora (shapeshifter) (D:14)
  2 shadows
  36 yaks
  2 vampires
  2 water elementals (D:11)
  4 fire elementals
  4 basilisks
  10 wyverns
  A hog (Lair:5)
  8 vampire mosquitoes
  2 steam dragons
  A swamp worm (Swamp:1)
  Edmund (D:5)
  A warg (Orc:2)
  5 acid dragons
  6 nagas (Lair:3)
  16 water moccasins
  A naga (shapeshifter) (D:14)
  3 black bears
  An ice beast (D:7)
  16 orc warriors
  Pargi (Sewer)
  2 sky beasts
  A black bear (shapeshifter) (D:14)
  10 ogres
  22 wolves
  11 centaurs
  A lemure (D:7)
  A kobold brigand (D:8)
  19 bullfrogs
  3 gnoll sergeants
  4 scorpions
  18 wights
  7 killer bees
  9 electric eels
  5 howler monkeys
  2 hounds (D:5)
  A gnoll bouda (D:10)
  3 jellies
  15 orc priests
  2 sleepcaps (D:5)
  Natasha (thrice) (D:4)
  5 iguanas
  26 orc wizards
  8 hell rats
  21 gnolls
  14 adders
  A shadow imp (D:6)
  A white imp (D:7)
  An ufetubus (D:2)
  4 worms
  3 dart slugs
  43 orcs
  8 ball pythons
  9 endoplasms
  6 giant cockroaches (D:4)
  6 goblins
  7 hobgoblins
  4 jackals
  12 kobolds
  4 quokkas
  5 bats
  4 frilled lizards
  10 rats
704 creatures vanquished.

Vanquished Creatures (others)
  A two-headed ogre (D:9)
  A yak (D:9)
  A howler monkey (D:9)
3 creatures vanquished.

Grand Total: 707 creatures vanquished

Notes
Turn   | Place    | Note
-------+----------+-------------------------------------------
     0 | D:1      | qw the Minotaur Hexslinger began the quest for the Orb.
     0 | D:1      | Reached XP level 1. HP: 16/16 MP: 1/1
     0 | D:1      | 0 ||| qw: Version: 0.3-a-46-gb1f654a
     0 | D:1      | 0 ||| qw: Game counter: 1625
     0 | D:1      | 0 ||| qw: Melee chars always use a shield: true
     0 | D:1      | 0 ||| qw: God list: Okawaru
     0 | D:1      | 0 ||| qw: Allow faded altars: false
     0 | D:1      | 0 ||| qw: Do Orc after clearing Dungeon:15 true
     0 | D:1      | 0 ||| qw: Do second Lair branch before Depths: true
     0 | D:1      | 0 ||| qw: Lair rune preference: random
     0 | D:1      | 0 ||| qw: Goals: Normal
     0 | D:1      | 0 ||| PLANNING D:1-11
    80 | D:1      | Reached skill level 3 in Ranged Weapons
    81 | D:1      | Reached XP level 2. HP: 23/23 MP: 2/2
   569 | D:1      | 569 ||| UPGRADING to +0 leather armour.
   579 | D:1      | 579 ||| DROPPING +0 robe.
   580 | D:1      | 580 ||| UPGRADING to +0 ring mail.
   590 | D:1      | 590 ||| DROPPING +0 leather armour.
   591 | D:1      | 591 ||| UPGRADING to +4 ring of protection.
   592 | D:1      | 592 ||| READING scroll labelled XAPNEOSCHAUGH.
   593 | D:1      | 593 ||| READING scroll labelled TOESILIUXTE.
   593 | D:1      | Identified a scroll of acquirement
   593 | D:1      | 593 ||| ACQUIRING +3 longbow of Rijyn {speed, Fragile
                  | Will++ Int+8 SInv}
   593 | D:1      | Acquired the +3 longbow of Rijyn {speed, Fragile Will++
                  | Int+8 SInv}
   595 | D:1      | 595 ||| SWAPPING to +3 longbow of Rijyn {speed, Fragile
                  | Will++ Int+8 SInv}.
   596 | D:1      | 596 ||| DROPPING +1 sling.
   597 | D:1      | 597 ||| READING scroll labelled FABLOFU KOEZIE.
   598 | D:1      | 598 ||| DROPPING scroll of poison.
   892 | D:2      | Reached XP level 3. HP: 29/29 MP: 3/3
  1206 | D:2      | Reached skill level 4 in Ranged Weapons
  1271 | D:2      | Reached skill level 1 in Armour
  1312 | D:2      | 1312 ||| READING 2 scrolls labelled JAIRAI QEDIEM.
  1313 | D:2      | 1313 ||| READING scroll labelled DAOXIYKEHA.
  1314 | D:2      | 1314 ||| DRINKING 2 lumpy black potions.
  1315 | D:2      | 1315 ||| DROPPING scroll of noise.
  1347 | D:3      | Found a faded altar of an unknown god.
  1361 | D:3      | Reached XP level 4. HP: 36/36 MP: 4/4
  1512 | D:3      | Noticed a black bear
  1517 | D:3      | Killed a black bear
  1518 | D:3      | Reached skill level 5 in Ranged Weapons
  1518 | D:3      | Reached XP level 5. HP: 36/41 MP: 5/5
  1542 | D:3      | Found Qemodel's Distillery.
  1558 | D:3      | 1558 ||| BUYING potion of curing (33 gold).
  1558 | D:3      | Bought a potion of curing for 33 gold pieces
  1558 | D:3      | 1558 ||| SHOPLISTING potion of curing (33 gold, have 3).
  1558 | D:3      | 1558 ||| SHOPLISTING potion of heal wounds (55 gold, have
                  | 3).
  1558 | D:3      | 1558 ||| SHOPLISTING potion of mutation (88 gold, have 3).
  1603 | D:3      | Found an ornate altar of the Wu Jian Council.
  1656 | D:3      | Reached skill level 3 in Fighting
  1660 | D:3      | Reached skill level 6 in Ranged Weapons
  1801 | D:3      | Reached XP level 6. HP: 50/52 MP: 6/6
  1982 | D:3      | Identified the +10 mace of Keogrus {drain, Int+3}
  2389 | D:3      | 2389 ||| UPGRADING to +3 leather armour.
  2399 | D:3      | 2399 ||| DROPPING +0 ring mail.
  2400 | D:3      | 2400 ||| UPGRADING to +0 pair of gloves.
  2405 | D:3      | 2405 ||| READING scroll labelled XOUHIE EJYSSI.
  2406 | D:3      | 2406 ||| READING 2 scrolls of identify.
  2406 | D:3      | 2406 ||| IDENTIFYING viscous orange potion
  2430 | D:4      | 2430 ||| PLANNING SEWER
  2445 | D:4      | Noticed Natasha
  2447 | D:4      | Killed Natasha
  2569 | D:4      | Noticed Natasha
  2573 | D:4      | 2573 ||| Stepping ~*~*~tactically~*~*~ (outnumbered).
  2574 | D:4      | Killed Natasha
  2575 | D:4      | Reached skill level 7 in Ranged Weapons
  2644 | D:4      | Reached XP level 7. HP: 59/59 MP: 7/7
  2648 | D:4      | Noticed Natasha
  2653 | D:4      | Killed Natasha
  2743 | D:4      | Found a sparkling altar of Nemelex Xobeh.
  2760 | D:4      | Reached skill level 8 in Ranged Weapons
  2814 | D:4      | 2814 ||| Stepping ~*~*~tactically~*~*~ (water).
  2828 | D:4      | Found a glowing drain.
  2831 | D:4      | 2831 ||| Stepping ~*~*~tactically~*~*~ (water).
  2839 | Sewer    | Entered a sewer
  2844 | Sewer    | 2844 ||| Stepping ~*~*~tactically~*~*~ (water).
  2897 | Sewer    | Noticed Pargi
  2904 | Sewer    | Killed Pargi
  2937 | Sewer    | 2937 ||| DRINKING 2 white potions.
  2955 | D:4      | 2955 ||| PLANNING D:1-11
  3081 | D:5      | Entered Level 5 of the Dungeon
  3105 | D:5      | Reached skill level 3 in Dodging
  3109 | D:5      | Found a staircase to the Ecumenical Temple.
  3110 | D:5      | 3110 ||| PLANNING TEMPLE
  3169 | Temple   | Entered the Ecumenical Temple
  3191 | Temple   | 3191 ||| PLANNING OKAWARU WORSHIP
  3332 | Temple   | Became a worshipper of Warmaster Okawaru
  3333 | Temple   | 3333 ||| PLANNING D:1-11
  3528 | D:5      | Found a sacrificial altar of Ru.
  3673 | D:5      | Identified the +3 leather armour of Marbles {rElec Will+
                  | Slay+2}
  3699 | D:5      | Noticed Grinder
  3704 | D:5      | Killed Grinder
  3705 | D:5      | Reached skill level 9 in Ranged Weapons
  3705 | D:5      | Reached XP level 8. HP: 61/68 MP: 8/8
  3887 | D:5      | Noticed Edmund
  3892 | D:5      | Killed Edmund
  3892 | D:5      | Reached * piety under Okawaru
  3893 | D:5      | Reached skill level 6 in Fighting
  3938 | D:5      | Found an ancient bone altar of Kikubaaqudgha.
  3938 | D:5      | Found a burning altar of Makhleb.
  4047 | D:5      | 4047 ||| UPGRADING to +3 leather armour of Marbles {rElec
                  | Will+ Slay+2}.
  4057 | D:5      | 4057 ||| DROPPING +3 leather armour.
  4058 | D:5      | 4058 ||| DRINKING 2 bubbling purple potions.
  4059 | D:5      | 4059 ||| READING 2 scrolls of identify.
  4059 | D:5      | 4059 ||| IDENTIFYING clear potion
  4060 | D:5      | 4060 ||| DROPPING potion of invisibility.
  4162 | D:6      | 4162 ||| Stepping ~*~*~tactically~*~*~ (outnumbered).
  4170 | D:6      | 4170 ||| INVOKING Heroism.
  4173 | D:6      | Reached skill level 1 in Invocations
  4175 | D:6      | 4175 ||| FLEEEEING.
  4176 | D:6      | 4176 ||| FLEEEEING.
  4335 | D:6      | Noticed a kobold demonologist
  4353 | D:6      | Killed a kobold demonologist
  4354 | D:6      | Reached skill level 10 in Ranged Weapons
  4367 | D:6      | Reached skill level 3 in Invocations
  4409 | D:6      | Noticed a troll
  4410 | D:6      | 4410 ||| INVOKING Heroism.
  4413 | D:6      | Killed a troll
  4467 | D:6      | Reached ** piety under Okawaru
  4468 | D:6      | Reached XP level 9. HP: 65/78 MP: 9/11
  4578 | D:6      | Noticed a cyclops
  4579 | D:6      | 4579 ||| INVOKING Heroism.
  4584 | D:6      | Killed a cyclops
  4836 | D:7      | Noticed Pikel
  4837 | D:7      | 4837 ||| INVOKING Heroism.
  4844 | D:7      | Killed Pikel
  4845 | D:7      | Reached skill level 11 in Ranged Weapons
  4881 | D:7      | 4881 ||| INVOKING Heroism.
  4882 | D:7      | 4882 ||| Stepping ~*~*~tactically~*~*~ (outnumbered).
  4914 | D:7      | 4914 ||| INVOKING Heroism.
  4916 | D:7      | Reached skill level 12 in Ranged Weapons
  4947 | D:7      | 4947 ||| READING scroll labelled PEOVAFEMPO.
  4968 | D:6      | Noticed an unseen horror
  4973 | D:6      | 4973 ||| INVOKING Heroism.
  4979 | D:6      | Killed an unseen horror
  4979 | D:6      | Reached *** piety under Okawaru
  4980 | D:6      | Reached XP level 10. HP: 45/90 MP: 9/12
  5126 | D:6      | 5126 ||| Stepping ~*~*~tactically~*~*~ (outnumbered).
  5136 | D:6      | Noticed a boulder beetle
  5137 | D:6      | 5137 ||| INVOKING Heroism.
  5143 | D:6      | Reached skill level 6 in Dodging
  5157 | D:6      | Killed a boulder beetle
  5157 | D:6      | Reached **** piety under Okawaru
  5446 | D:6      | 5446 ||| INVOKING Heroism.
  5545 | D:7      | Reached skill level 13 in Ranged Weapons
  5557 | D:7      | Found a basalt altar of Yredelemnul.
  6005 | D:7      | Found a runed translucent gate.
  6006 | D:7      | Identified the +12 plate armour "Kicuodgh" {-Cast Rampage
                  | Str+3}
  6008 | D:7      | Found a runed translucent gate.
  6008 | D:7      | Found a runed translucent gate.
  6012 | D:7      | Identified the +6 flail of Karma {drain, rF+}
  6012 | D:7      | Noticed qw's ghost (novice GrHs)
  6035 | D:7      | 6035 ||| INVOKING Heroism.
  6057 | D:7      | Reached skill level 9 in Fighting
  6291 | D:7      | 6291 ||| UPGRADING to +0 pair of boots.
  6296 | D:7      | 6296 ||| UPGRADING to amulet of the acrobat.
  6350 | D:8      | Found Lubune's Magic Scroll Shoppe.
  6359 | D:8      | 6359 ||| BUYING scroll of enchant weapon (90 gold).
  6359 | D:8      | Bought a scroll of enchant weapon for 90 gold pieces
  6359 | D:8      | 6359 ||| BUYING scroll of enchant weapon (90 gold).
  6359 | D:8      | Bought a scroll of enchant weapon for 90 gold pieces
  6359 | D:8      | 6359 ||| BUYING scroll of identify (24 gold).
  6359 | D:8      | Bought a scroll of identify for 24 gold pieces
  6368 | D:8      | Reached skill level 3 in Armour
  6396 | D:8      | Found a flagged portal.
  6609 | D:8      | 6609 ||| INVOKING Heroism.
  6758 | D:8      | 6758 ||| Stepping ~*~*~tactically~*~*~ (outnumbered).
  6760 | D:8      | 6760 ||| Stepping ~*~*~tactically~*~*~ (outnumbered).
  6762 | D:8      | 6762 ||| Stepping ~*~*~tactically~*~*~ (outnumbered).
  6773 | D:8      | Reached skill level 6 in Invocations
  6781 | D:8      | Found a blossoming altar of Fedhas.
  6826 | D:8      | Found a hide-covered altar of Uskayaw.
  6837 | D:8      | Found an opulent altar of Gozag.
  6892 | D:8      | Found a radiant altar of Vehumet.
  6894 | D:8      | Received a gift from Okawaru
  7048 | D:8      | Found a staircase to the Lair.
  7078 | D:8      | 7078 ||| PLANNING LAIR
  7078 | D:8      | 7078 ||| READING scroll labelled TIL OCKUOTWU.
  7123 | D:8      | 7123 ||| DRINKING 3 metallic grey potions.
  7124 | D:8      | 7124 ||| DRINKING 3 cyan potions.
  7125 | D:8      | 7125 ||| DRINKING 2 murky orange potions.
  7159 | D:8      | 7159 ||| READING 3 scrolls of identify.
  7159 | D:8      | 7159 ||| IDENTIFYING brown potion
  7160 | D:8      | 7160 ||| READING 2 scrolls of identify.
  7160 | D:8      | 7160 ||| IDENTIFYING inky potion
  7161 | D:8      | 7161 ||| DROPPING 2 potions of attraction.
  7162 | D:8      | 7162 ||| DROPPING potion of lignification.
  7229 | Lair:1   | Entered Level 1 of the Lair of Beasts
  7258 | Lair:1   | Noticed a cane toad
  7259 | Lair:1   | 7259 ||| INVOKING Heroism.
  7274 | Lair:1   | Killed a cane toad
  7516 | Lair:1   | Reached XP level 11. HP: 97/97 MP: 13/15
  7568 | Lair:1   | 7568 ||| INVOKING Heroism.
  7763 | Lair:1   | 7763 ||| INVOKING Heroism.
  7827 | Lair:1   | 7827 ||| INVOKING Heroism.
  7832 | Lair:1   | Reached skill level 14 in Ranged Weapons
  8211 | Lair:1   | 8211 ||| UPGRADING to ring of positive energy.
  8212 | Lair:1   | 8212 ||| READING scroll labelled SIATODAQUI.
  8285 | Lair:2   | Noticed a wolf spider
  8286 | Lair:2   | 8286 ||| INVOKING Heroism.
  8289 | Lair:2   | Noticed a wolf spider
  8291 | Lair:2   | Killed a wolf spider
  8299 | Lair:2   | Killed a wolf spider
  8341 | Lair:2   | Noticed a four-headed hydra
  8342 | Lair:2   | 8342 ||| INVOKING Heroism.
  8347 | Lair:2   | Killed a four-headed hydra
  8356 | Lair:2   | Reached ***** piety under Okawaru
  8389 | Lair:2   | Noticed a four-headed hydra
  8390 | Lair:2   | 8390 ||| INVOKING Heroism.
  8396 | Lair:2   | Killed a four-headed hydra
  8397 | Lair:2   | Reached skill level 9 in Invocations
  8489 | Lair:2   | 8489 ||| READING scroll of enchant armour.
  8489 | Lair:2   | 8489 ||| ENCHANTING +0 pair of gloves.
  8510 | Lair:2   | 8510 ||| INVOKING Heroism.
  8620 | Lair:2   | 8620 ||| INVOKING Heroism.
  8622 | Lair:2   | Identified the +2 hat of Doiddiuh {Dex+4} (Okawaru gifted
                  | it to you on level 2 of the Lair of Beasts)
  8622 | Lair:2   | Received a gift from Okawaru
  8884 | Lair:2   | 8884 ||| INVOKING Heroism.
  8898 | Lair:2   | Reached XP level 12. HP: 106/106 MP: 16/18
  9050 | Lair:2   | 9050 ||| INVOKING Heroism.
  9145 | Lair:2   | 9145 ||| UPGRADING to +2 hat of Doiddiuh {Dex+4}.
  9150 | Lair:2   | 9150 ||| READING scroll labelled ZUIMYC QOTSAU.
  9154 | Lair:2   | 9154 ||| DRINKING 2 fizzy pink potions.
  9155 | Lair:2   | 9155 ||| DROPPING potion of degeneration.
  9194 | Lair:3   | 9194 ||| STAIRDANCE
  9257 | Lair:3   | 9257 ||| INVOKING Heroism.
  9464 | Lair:3   | Reached skill level 15 in Ranged Weapons
  9544 | Lair:3   | Found a staircase to the Swamp.
  9625 | Lair:3   | 9625 ||| INVOKING Heroism.
  9824 | Lair:3   | Reached skill level 16 in Ranged Weapons
  9830 | Lair:3   | 9830 ||| INVOKING Heroism.
  9905 | Lair:3   | Reached skill level 9 in Dodging
 10147 | Lair:3   | 10147 ||| Stepping ~*~*~tactically~*~*~ (outnumbered).
 10149 | Lair:3   | 10149 ||| Stepping ~*~*~tactically~*~*~ (outnumbered).
 10224 | Lair:3   | Found a staircase to the Snake Pit.
 10255 | Lair:3   | 10255 ||| READING 3 scrolls of identify.
 10255 | Lair:3   | 10255 ||| IDENTIFYING lumpy golden potion
 10256 | Lair:3   | 10256 ||| READING 2 scrolls of identify.
 10256 | Lair:3   | 10256 ||| IDENTIFYING metallic inky potion
 10257 | Lair:3   | 10257 ||| DROPPING potion of ambrosia.
 10258 | Lair:3   | 10258 ||| DROPPING potion of berserk rage.
 10348 | Lair:4   | Noticed a death yak
 10348 | Lair:4   | Noticed a death yak
 10349 | Lair:4   | 10349 ||| INVOKING Heroism.
 10350 | Lair:4   | 10350 ||| INVOKING Finesse.
 10350 | Lair:4   | Noticed a death yak
 10356 | Lair:4   | Killed a death yak
 10364 | Lair:4   | Killed a death yak
 10373 | Lair:4   | Killed a death yak
 10374 | Lair:4   | Noticed a death yak
 10380 | Lair:4   | Killed a death yak
 10380 | Lair:4   | Noticed a death yak
 10386 | Lair:4   | Killed a death yak
 10445 | Lair:4   | Reached XP level 13. HP: 116/116 MP: 19/19
 10448 | Lair:4   | Reached skill level 17 in Ranged Weapons
 10570 | Lair:4   | Found a frozen archway.
 10661 | Lair:4   | Found a viscous altar of Jiyva.
 10662 | Lair:4   | 10662 ||| INVOKING Heroism.
 10663 | Lair:4   | 10663 ||| INVOKING Finesse.
 10710 | Lair:4   | Found a staircase to the Slime Pits.
 10711 | Lair:4   | 10711 ||| INVOKING Finesse.
 10748 | Lair:4   | 10748 ||| INVOKING Heroism.
 10755 | Lair:4   | Received a gift from Okawaru
 10823 | Lair:4   | 10823 ||| INVOKING Heroism.
 10889 | Lair:4   | 10889 ||| INVOKING Heroism.
 10890 | Lair:4   | 10890 ||| INVOKING Finesse.
 10990 | Lair:4   | 10990 ||| INVOKING Heroism.
 11010 | Lair:4   | 11010 ||| UPGRADING to amulet of reflection.
 11020 | Lair:4   | 11020 ||| DROPPING amulet of the acrobat.
 11021 | Lair:4   | 11021 ||| READING scroll labelled RUVVOU IMOOBRI.
 11022 | Lair:4   | 11022 ||| READING 2 scrolls of identify.
 11022 | Lair:4   | 11022 ||| IDENTIFYING green potion
 11023 | Lair:4   | 11023 ||| DROPPING potion of brilliance.
 11043 | Lair:4   | 11043 ||| INVOKING Heroism.
 11117 | Lair:4   | 11117 ||| INVOKING Heroism.
 11124 | Lair:4   | Reached skill level 18 in Ranged Weapons
 11216 | Lair:4   | 11216 ||| INVOKING Heroism.
 11290 | Lair:4   | 11290 ||| INVOKING Heroism.
 11588 | Lair:5   | Entered Level 5 of the Lair of Beasts
 11671 | Lair:5   | Reached skill level 12 in Fighting
 11730 | Lair:5   | 11730 ||| INVOKING Heroism.
 11792 | Lair:5   | 11792 ||| INVOKING Heroism.
 11815 | Lair:5   | 11815 ||| Stepping ~*~*~tactically~*~*~ (outnumbered).
 11820 | Lair:5   | 11820 ||| Stepping ~*~*~tactically~*~*~ (outnumbered).
 11845 | Lair:5   | 11845 ||| INVOKING Heroism.
 11883 | Lair:5   | 11883 ||| Stepping ~*~*~tactically~*~*~ (water).
 11941 | Lair:5   | 11941 ||| INVOKING Heroism.
 11970 | Lair:5   | HP: 24/118 [poisoned by a cane toad]
 11971 | Lair:5   | 11971 ||| DRINKING 6 potions of heal wounds.
 11973 | Lair:5   | 11973 ||| DRINKING 5 potions of heal wounds.
 11976 | Lair:5   | Reached skill level 19 in Ranged Weapons
 11992 | Lair:5   | HP: 29/118 [poisoned by a cane toad]
 12011 | Lair:5   | 12011 ||| FLEEEEING.
 12012 | Lair:5   | 12012 ||| FLEEEEING.
 12013 | Lair:5   | 12013 ||| FLEEEEING.
 12022 | Lair:5   | 12022 ||| INVOKING Heroism.
 12023 | Lair:5   | 12023 ||| UPGRADING to +1 cloak.
 12095 | Lair:5   | 12095 ||| INVOKING Heroism.
 12099 | Lair:5   | Reached XP level 14. HP: 73/127 MP: 17/20
 12106 | Lair:5   | Received a gift from Okawaru
 12185 | Lair:5   | 12185 ||| UPGRADING to ring of resist corrosion.
 12241 | Lair:5   | 12241 ||| DROPPING scarf of shadows.
 12293 | Lair:5   | Identified the +0 spear of the Real Monster {heavy, rC+
                  | rN+}
 12305 | Lair:5   | 12305 ||| INVOKING Heroism.
 12306 | Lair:5   | 12306 ||| INVOKING Finesse.
 12307 | Lair:5   | 12307 ||| READING scroll labelled QAMOSE VOTENEC.
 12377 | Lair:5   | 12377 ||| INVOKING Heroism.
 13131 | Lair:5   | 13131 ||| PLANNING D:1-11
 13131 | Lair:5   | 13131 ||| READING 2 scrolls of identify.
 13131 | Lair:5   | 13131 ||| IDENTIFYING red potion
 13407 | D:9      | Found a white marble altar of Elyvilon.
 13606 | D:9      | Found a stormy altar of Qazlal.
 13836 | D:9      | 13836 ||| FLEEEEING.
 13839 | D:9      | 13839 ||| FLEEEEING.
 13840 | D:9      | 13840 ||| FLEEEEING.
 13841 | D:9      | 13841 ||| FLEEEEING.
 13842 | D:9      | 13842 ||| FLEEEEING.
 13843 | D:9      | 13843 ||| FLEEEEING.
 13850 | D:9      | 13850 ||| FLEEEEING.
 13851 | D:9      | 13851 ||| FLEEEEING.
 13852 | D:9      | 13852 ||| FLEEEEING.
 13905 | D:9      | Found a shimmering altar of Xom.
 13966 | D:10     | Entered Level 10 of the Dungeon
 14028 | D:10     | 14028 ||| READING scroll of enchant armour.
 14028 | D:10     | 14028 ||| ENCHANTING +1 pair of gloves.
 14045 | D:10     | Found the +7 Throatcutter {drain, coup de grace}
 14065 | D:10     | Noticed Maggie
 14068 | D:10     | Killed Maggie
 14103 | D:10     | 14103 ||| FLEEEEING.
 14225 | D:10     | 14225 ||| INVOKING Heroism.
 14229 | D:10     | 14229 ||| Stepping ~*~*~tactically~*~*~ (outnumbered).
 14247 | D:10     | 14247 ||| INVOKING Finesse.
 14311 | D:10     | Identified the +7 quarterstaff "Ywkek" {protect, rPois rF+}
 14340 | D:10     | Reached skill level 20 in Ranged Weapons
 14666 | D:10     | 14666 ||| READING scroll of enchant armour.
 14666 | D:10     | 14666 ||| ENCHANTING +0 pair of boots.
 14825 | D:10     | 14825 ||| DROPPING +3 leather armour of cold resistance.
 14826 | D:10     | 14826 ||| DROPPING +0 robe of cold resistance.
 14827 | D:10     | 14827 ||| UPGRADING to +0 pair of boots of flying.
 14845 | D:11     | 14845 ||| INVOKING Heroism.
 14846 | D:11     | 14846 ||| INVOKING Finesse.
 14865 | D:11     | Reached skill level 6 in Armour
 14946 | D:11     | Found a staircase to the Orcish Mines.
 15271 | D:11     | 15271 ||| INVOKING Heroism.
 15272 | D:11     | 15272 ||| INVOKING Finesse.
 15500 | D:11     | 15500 ||| PLANNING D
 15500 | D:11     | 15500 ||| DROPPING scarf of harm.
 15727 | D:12     | 15727 ||| READING scroll of teleportation.
 15728 | D:12     | 15728 ||| INVOKING Heroism.
 15992 | D:12     | 15992 ||| INVOKING Heroism.
 16281 | D:12     | Reached skill level 12 in Dodging
 16384 | D:13     | 16384 ||| INVOKING Heroism.
 16515 | D:13     | Found a gate to the Vaults.
 16541 | D:13     | 16541 ||| Stepping ~*~*~tactically~*~*~ (outnumbered).
 16543 | D:13     | 16543 ||| Stepping ~*~*~tactically~*~*~ (outnumbered).
 16545 | D:13     | 16545 ||| Stepping ~*~*~tactically~*~*~ (outnumbered).
 16579 | D:13     | Reached XP level 15. HP: 128/139 MP: 21/21
 16618 | D:13     | Identified the +1 triple crossbow "Earthworm" {flame,
                  | rPois} (Okawaru gifted it to you on level 13 of the
                  | Dungeon)
 16618 | D:13     | Received a gift from Okawaru
 16619 | D:13     | Reached skill level 15 in Fighting
 17467 | D:14     | 17467 ||| INVOKING Heroism.
 17686 | D:14     | Found an iron altar of Okawaru.
 17940 | D:14     | Noticed a sphinx
 17940 | D:14     | Noticed a tengu reaver
 17941 | D:14     | 17941 ||| Stepping ~*~*~tactically~*~*~ (outnumbered).
 17942 | D:14     | 17942 ||| FLEEEEING.
 17945 | D:14     | 17945 ||| FLEEEEING.
 17946 | D:14     | 17946 ||| FLEEEEING.
 17947 | D:14     | 17947 ||| INVOKING Heroism.
 17954 | D:14     | Killed a tengu reaver
 18075 | D:14     | Killed a sphinx
 18076 | D:14     | 18076 ||| FLEEEEING.
 18077 | D:14     | 18077 ||| FLEEEEING.
 18080 | D:14     | 18080 ||| FLEEEEING.
 18081 | D:14     | 18081 ||| FLEEEEING.
 18082 | D:14     | 18082 ||| FLEEEEING.
 18083 | D:14     | 18083 ||| FLEEEEING.
 18084 | D:14     | 18084 ||| FLEEEEING.
 18085 | D:14     | 18085 ||| FLEEEEING.
 18086 | D:14     | 18086 ||| FLEEEEING.
 18087 | D:14     | 18087 ||| FLEEEEING.
 18088 | D:14     | 18088 ||| FLEEEEING.
 18090 | D:14     | 18090 ||| FLEEEEING.
 18091 | D:14     | 18091 ||| FLEEEEING.
 18092 | D:14     | 18092 ||| FLEEEEING.
 18093 | D:14     | 18093 ||| FLEEEEING.
 18094 | D:14     | 18094 ||| FLEEEEING.
 18095 | D:14     | 18095 ||| FLEEEEING.
 18096 | D:14     | 18096 ||| FLEEEEING.
 18487 | D:14     | Identified the ring "Luteaf" {rF+ Will+ rCorr}
 18574 | D:14     | 18574 ||| DROPPING +1 robe of fire resistance.
 18575 | D:14     | 18575 ||| DROPPING scarf of invisibility.
 18576 | D:14     | 18576 ||| DROPPING ring of see invisible.
 18577 | D:14     | 18577 ||| DROPPING ring of positive energy.
 18578 | D:14     | 18578 ||| UPGRADING to ring of protection from cold.
 18580 | D:14     | 18580 ||| UPGRADING to +5 ring of evasion.
 18582 | D:14     | 18582 ||| DROPPING ring of resist corrosion.
 18583 | D:14     | 18583 ||| DROPPING ring of flight.
 18584 | D:14     | 18584 ||| UPGRADING to ring "Luteaf" {rF+ Will+ rCorr}.
 18586 | D:14     | 18586 ||| UPGRADING to +1 triple crossbow "Earthworm"
                  | {flame, rPois}.
 18587 | D:14     | 18587 ||| DROPPING ring of protection from cold.
 18588 | D:14     | 18588 ||| READING scroll labelled YGANNAPLEORY.
 18695 | D:15     | Entered Level 15 of the Dungeon
 18699 | D:15     | 18699 ||| FLEEEEING.
 18700 | D:15     | 18700 ||| FLEEEEING.
 18701 | D:15     | 18701 ||| FLEEEEING.
 18702 | D:15     | 18702 ||| STAIRDANCE
 18806 | D:15     | 18806 ||| INVOKING Heroism.
 18811 | D:15     | Noticed Azrael
 18812 | D:15     | 18812 ||| STAIRDANCE
 18817 | D:14     | HP: 29/144 [eight-headed hydra (13)]
 18818 | D:14     | 18818 ||| READING 2 scrolls of teleportation.
 18819 | D:14     | 18819 ||| DRINKING 5 potions of heal wounds.
 18820 | D:14     | 18820 ||| DRINKING 4 potions of heal wounds.
 18821 | D:14     | 18821 ||| DRINKING 3 potions of heal wounds.
 18924 | D:14     | 18924 ||| INVOKING Heroism.
 19084 | D:15     | 19084 ||| STAIRDANCE
 19086 | D:14     | 19086 ||| INVOKING Heroism.
 19087 | D:14     | 19087 ||| INVOKING Finesse.
 19093 | D:14     | Killed Azrael
 19339 | D:15     | 19339 ||| INVOKING Heroism.
 19347 | D:15     | HP: 34/144 [yaktaur (11)]
 19348 | D:15     | 19348 ||| STAIRDANCE
 19350 | D:14     | 19350 ||| READING scroll of teleportation.
 19351 | D:14     | 19351 ||| DRINKING 2 potions of heal wounds.
 19596 | D:15     | 19596 ||| INVOKING Heroism.
 19635 | D:15     | 19635 ||| FLEEEEING.
 19808 | D:15     | Found Omiutuam's General Store.
 19812 | D:15     | 19812 ||| BUYING +3 ring mail of cold resistance (390
                  | gold).
 19812 | D:15     | Bought a +3 ring mail of cold resistance for 390 gold
                  | pieces
 19812 | D:15     | 19812 ||| BUYING potion of enlightenment (75 gold).
 19812 | D:15     | Bought a potion of enlightenment for 75 gold pieces
 19812 | D:15     | 19812 ||| BUYING scroll of teleportation (45 gold).
 19812 | D:15     | Bought a scroll of teleportation for 45 gold pieces
 19822 | D:15     | Found a staircase to the Depths.
 19887 | D:15     | 19887 ||| INVOKING Heroism.
 19929 | D:15     | 19929 ||| READING scroll of enchant armour.
 19929 | D:15     | 19929 ||| ENCHANTING +0 pair of boots of flying.
 20006 | D:15     | 20006 ||| PLANNING ORC
 20006 | D:15     | 20006 ||| DROPPING +1 pair of boots.
 20007 | D:15     | 20007 ||| DROPPING +3 leather armour of cold resistance.
 20122 | Orc:1    | Entered Level 1 of the Orcish Mines
 20122 | Orc:1    | Found Angu's Distillery.
 20149 | Orc:1    | Noticed Erolcha
 20151 | Orc:1    | Killed Erolcha
 20160 | Orc:1    | Found Laorr's Antique Armour Boutique.
 20168 | Orc:1    | 20168 ||| BUYING pair of embroidered boots (180 gold).
 20168 | Orc:1    | Bought a pair of embroidered boots for 180 gold pieces
 20168 | Orc:1    | 20168 ||| SHOPLISTING quicksilver dragon scales (1440 gold,
                  | have 1236).
 20168 | Orc:1    | 20168 ||| BUYING runed leather armour (120 gold).
 20168 | Orc:1    | Bought a runed leather armour for 120 gold pieces
 20241 | Orc:1    | Found Jemeob's Antique Armour Boutique.
 20250 | Orc:1    | 20250 ||| BUYING smoking ring mail (234 gold).
 20250 | Orc:1    | Bought a smoking ring mail for 234 gold pieces
 20250 | Orc:1    | Identified the +5 ring mail of Qeoth {Str+4} (You bought it
                  | in a shop on level 1 of the Orcish Mines)
 20279 | Orc:1    | 20279 ||| INVOKING Heroism.
 20440 | Orc:1    | 20440 ||| DROPPING +3 ring mail of cold resistance.
 20441 | Orc:1    | 20441 ||| DROPPING +0 troll leather armour.
 20442 | Orc:1    | 20442 ||| DROPPING +3 leather armour of cold resistance.
 20460 | Orc:2    | Entered Level 2 of the Orcish Mines
 20480 | Orc:2    | 20480 ||| FLEEEEING.
 20481 | Orc:2    | 20481 ||| FLEEEEING.
 20484 | Orc:2    | 20484 ||| FLEEEEING.
 20485 | Orc:2    | 20485 ||| FLEEEEING.
 20486 | Orc:2    | 20486 ||| STAIRDANCE
 20570 | Orc:2    | Found a staircase to the Elven Halls.
 20690 | Orc:2    | 20690 ||| Stepping ~*~*~tactically~*~*~ (outnumbered).
 20692 | Orc:2    | 20692 ||| Stepping ~*~*~tactically~*~*~ (outnumbered).
 20734 | Orc:2    | 20734 ||| INVOKING Heroism.
 20737 | Orc:2    | Reached skill level 21 in Ranged Weapons
 20740 | Orc:2    | Identified the +1 hat of Tacwat {Int+6} (Okawaru gifted it
                  | to you on level 2 of the Orcish Mines)
 20740 | Orc:2    | Received a gift from Okawaru
 20818 | Orc:2    | 20818 ||| INVOKING Heroism.
 20823 | Orc:2    | 20823 ||| Stepping ~*~*~tactically~*~*~ (outnumbered).
 20849 | Orc:2    | 20849 ||| Stepping ~*~*~tactically~*~*~ (outnumbered).
 20879 | Orc:2    | Found Jerch's General Store.
 20879 | Orc:2    | Found Pibep's Armour Emporium.
 20880 | Orc:2    | Found Womuarua's Weapon Emporium.
 20884 | Orc:2    | Found Giutec's Antique Weapon Shoppe.
 20888 | Orc:2    | 20888 ||| BUYING ring of protection from fire (350 gold).
 20888 | Orc:2    | Bought a ring of protection from fire for 350 gold pieces
 20888 | Orc:2    | 20888 ||| BUYING scroll of identify (28 gold).
 20888 | Orc:2    | Bought a scroll of identify for 28 gold pieces
 20888 | Orc:2    | 20888 ||| BUYING scroll of teleportation (42 gold).
 20888 | Orc:2    | Bought a scroll of teleportation for 42 gold pieces
 20888 | Orc:2    | 20888 ||| BUYING wand of digging (1) (58 gold).
 20888 | Orc:2    | Bought a wand of digging (1) for 58 gold pieces
 20888 | Orc:2    | 20888 ||| BUYING wand of digging (7) (411 gold).
 20888 | Orc:2    | Bought a wand of digging (7) for 411 gold pieces
 20890 | Orc:2    | 20890 ||| Stepping ~*~*~tactically~*~*~ (outnumbered).
 20896 | Orc:2    | 20896 ||| Stepping ~*~*~tactically~*~*~ (outnumbered).
 20899 | Orc:2    | Reached XP level 16. HP: 151/151 MP: 22/22
 21193 | Orc:2    | 21193 ||| PLANNING SWAMP:1-3
 21193 | Orc:2    | 21193 ||| DROPPING +1 hat of Tacwat {Int+6}.
 21194 | Orc:2    | 21194 ||| DROPPING ring of fire.
 21365 | Swamp:1  | Entered Level 1 of the Swamp
 21366 | Swamp:1  | 21366 ||| INVOKING Heroism.
 21382 | Swamp:1  | HP: 31/151 [swamp worm[a spriggan druid] (19)]
 21383 | Swamp:1  | 21383 ||| READING 2 scrolls of teleportation.
 21384 | Swamp:1  | 21384 ||| DRINKING potion of heal wounds.
 21388 | Swamp:1  | 21388 ||| READING scroll of teleportation.
 21388 | Swamp:1  | HP: 19/151 [swamp worm/harpoon shot[a spriggan druid] (10)]
 21400 | Swamp:1  | HP: 15/151 [spriggan druid/angry trees (9)]
 21402 | Swamp:1  | Killed from afar by a spriggan druid

Levels and vault maps discovered:
D:1:      lightli_arrival_flooded_house, layout_basic, st_stairs_1
D:2:      minmay_recursive_quarters, layout_basic
D:3:      layout_basic, pdpol_wu_jian_five_deadly_venoms, serial_rivers,
          chequers_serial_rivers_micro_e, chequers_serial_rivers_micro_c,
          chequers_serial_rivers_small_b, chequers_serial_rivers_micro_b,
          shapermc_ecumenical_altar_venn, serial_shops, shop,
          kennysheep_minor_cross
D:4:      layout_cave_pools, nemelex_spade_bored_becter, gup_sewer_entry_pipe,
          uniq_natasha
D:5:      layout_loops_cross, mainiacjoe_overflow_paths,
          amethyst_overflow_temple_binary, minmay_temple_entry_trees,
          uniq_grinder, uniq_edmund
D:6:      minmay_klotski, layout_rooms, serial_glass, glass_columns_c,
          glass_columns_c, kb_rosetta
D:7:      layout_basic, mainiacjoe_overflow_tiny_flanked,
          biasface_ghost_orc_armoury, uniq_pikel
D:8:      layout_loops_ring, nicolae_gozag_cash_rules_everything_around_me,
          mainiacjoe_overflow_small_starburst, mainiacjoe_overflow_big_doors,
          lair_entry_dummy, serial_shops, shop, enter_bailey_2,
          minmay_liquid_box
D:9:      layout_rooms, xom_confusion_cloud, mainiacjoe_overflow_brackets,
          mainiacjoe_overflow_alcove_2
D:10:     layout_rooms, minmay_the_grid_2x2 [minmay_the_grid_stretched_grid,
          minmay_the_grid_minigrid_medium, minmay_the_grid_paths,
          minmay_the_grid_prize_trominoes], uniq_maggie
D:11:     layout_basic, orc_0_dummy, st_stairs_1, grunt_decor_junction
D:12:     layout_irregular_city
D:13:     layout_basic, david_vaults_2, elves_outpost_lemuel
D:14:     kennysheep_large_spiral, layout_rooms, okawaru_ov_weapons_minmay,
          st_stairs_7
D:15:     grunt_enter_depths_hoard, layout_rooms, dk_noncrumbling_4,
          serial_shops, shop, uniq_azrael
Temple:   hellmonk_temple_forest_ring
Lair:1:   layout_cave_pods, beast_lair_carwin_3, serial_bayou_shore_a
Lair:2:   layout_loops_ring, nicolae_lair_run_with_the_wolves
Lair:3:   layout_chaotic_city, skrybe_swamp_entry_bodies,
          minmay_snake_entry_guardpost_medium
Lair:4:   layout_gridlike, minmay_slime_entry_oklob_open, portal_ice_cave_rime,
          nicolae_lair_grove_arrangements, dpeg_oklob_1,
          infiniplex_staircase_pool
Lair:5:   minmay_lair_end_frog_pond, layout_hall_layers, minivault_11,
          uniq_kirke
Swamp:1:  layout_basic_swamp, nicolae_swamp_fairy_circle
Orc:1:    layout_caves, serial_shops, nicolae_shop_stone, shop, shop,
          uniq_erolcha
Orc:2:    st_orc_mages, layout_caves

Skill      XL: |  1  2  3  4  5  6  7  8  9 10 11 12 13 14 15 |
---------------+----------------------------------------------+-----
Ranged Weapons | 3 4 5 6 7 9 10 12 13 14 16 19 20 21 | 21.5
Fighting       | 2 3 4 5 6 8 9 10 11 12 14 16 | 16.0
Armour         | 1 2 3 4 6 7 |  7.0
Dodging        | 3 4 5 6 7 9 10 12 13 | 13.7
Invocations    | 4 6 9 10 | 10.0
Spellcasting   | |  1.0
Hexes          | |  2.0

Action                     |  1- 3 |  4- 6 |  7- 9 | 10-12 | 13-15 | 16-18 || total
---------------------------+-------+-------+-------+-------+-------+-------++-------
   Fire: Sling             |    38 |       |       |       |       |       ||    38
         Longbow           |    60 |   109 |   198 |   529 |  1173 |       ||  2069
         Triple crossbow   |       |       |       |       |   203 |    32 ||   235
 Invoke: Heroism           |       |       |     7 |    19 |    34 |     1 ||    61
         Finesse           |       |       |       |     1 |     8 |       ||     9
    Use: Scroll            |     5 |     2 |     2 |     8 |    11 |     2 ||    30
         Potion            |     1 |       |     2 |     4 |     6 |     1 ||    14
 Armour: Robe              |     1 |       |       |       |       |       ||     1
         Ring mail         |     1 |     8 |       |       |       |       ||     9
         Leather armour    |       |     2 |    32 |    30 |    79 |     6 ||   149
  Dodge: Dodged            |     8 |    13 |    48 |   124 |   405 |    63 ||   661
  Block: Other             |       |       |       |       |    64 |    11 ||    75
         Reflection        |       |       |       |       |     5 |       ||     5

Table legend:
 A = Non-vault XP
 B = Vault XP
 C = Vault XP percentage of total XP
 D = Non-vault monster count
 E = Vault monster count
 F = Vault count percentage of total count
                 A         B        C        D         E       F
            +---------+---------+-------+---------+---------+-------
      Total |  103246 |   55077 |  34.8 |     502 |     202 |  28.7
            +---------+---------+-------+---------+---------+-------
        D:1 |      23 |       4 |  14.8 |      15 |       3 |  16.7
        D:2 |      38 |      31 |  44.9 |      17 |       9 |  34.6
        D:3 |     331 |       0 |   0.0 |      28 |       0 |   0.0
        D:4 |     475 |      45 |   8.7 |      23 |       6 |  20.7
        D:5 |     378 |     443 |  54.0 |      14 |       2 |  12.5
        D:6 |     303 |    4260 |  93.4 |       7 |      23 |  76.7
        D:7 |    1881 |     617 |  24.7 |      28 |       1 |   3.4
        D:8 |    1098 |       0 |   0.0 |      20 |       0 |   0.0
        D:9 |    2824 |    1678 |  37.3 |      33 |      11 |  25.0
       D:10 |    3505 |    5144 |  59.5 |      24 |      10 |  29.4
       D:11 |    6114 |     809 |  11.7 |      21 |       3 |  12.5
       D:12 |    6521 |       0 |   0.0 |      20 |       0 |   0.0
       D:13 |    4360 |    6431 |  59.6 |      13 |      12 |  48.0
       D:14 |   16541 |   11212 |  40.4 |      35 |      16 |  31.4
       D:15 |    4346 |    1998 |  31.5 |      11 |       3 |  21.4
     Lair:1 |    3882 |     538 |  12.2 |      18 |       4 |  18.2
     Lair:2 |    7510 |    1455 |  16.2 |      27 |       5 |  15.6
     Lair:3 |    7381 |    2353 |  24.2 |      28 |       8 |  22.2
     Lair:4 |   13417 |    3498 |  20.7 |      31 |       7 |  18.4
     Lair:5 |   12925 |    8893 |  40.8 |      42 |      34 |  44.7
    Swamp:1 |    4879 |       0 |   0.0 |       9 |       0 |   0.0
      Orc:1 |    1824 |     867 |  32.2 |      20 |       1 |   4.8
      Orc:2 |    2690 |    4669 |  63.4 |      18 |      41 |  69.5
      Sewer |       0 |     132 | 100.0 |       0 |       3 | 100.0
            +---------+---------+-------+---------+---------+-------
